[Event "16th EWICC 2015"]
[Site "Kutaisi"]
[Date "2015.06.03"]
[Round "10"]
[White "Melia, Salome"]
[Black "Arabidze, Meri"]
[Result "1-0"]
[ECO "B42"]
[WhiteElo "2452"]
[BlackElo "2403"]
[Annotator "Robot 11"]
[PlyCount "115"]
[EventDate "2015.??.??"]
[EventCountry "GEO"]
[TimeControl "900+10"]

1. e4 c5 2. Nf3 e6 3. d4 cxd4 4. Nxd4 a6 5. Bd3 Nf6 6. O-O Qc7 7. Qe2 d6 8.
c4 g6 9. Nc3 Bg7 10. Nf3 O-O 11. Bf4 Nh5 12. Bd2 Nd7 13. Rac1 b6 14. Rfd1 Bb7 15. Bb1 Rac8 16. b3 Nc5 17. h3 Ba8 18. Nh2 Nf6 19. Ng4 Nxg4 20.
hxg4 Rcd8 21. Bg5 Rd7 22. b4 Nb7 23. Be3 Rb8 24. Na4 Nd8 25.
b5 e5 26. bxa6 Qa7 27. Bd3 Bc6 28. Nc3 Ne6 29. Nd5 Nc5 30. Nb4 Ba8 31. f3 Rc8 32. Rb1 Rb8 33. Qc2 Rc7 34. Bf1 Bf8 35. Qd2 Rcc8 36. Kh2 Bc6 37. Rdc1 Bd7 38. Nd5 Be6 39. Nf6+ Kh8 40. Be2 Bg7 41. Nd5 f5 42.
gxf5 gxf5 43. exf5 Bxf5 44. Rb5 Rg8 45. Kg1 Bd7 46. Rbb1 Bf5 47.
Rb5 Bd7 48. Rbb1 Be8 49. Bxc5 dxc5 50. Bd3 Qxa6 51. Be4 Qa7 52.
Kf2 h6 53. Rh1 Rf8 54. Rxh6+ Bxh6 55. Qxh6+ Kg8 56. Qg5+ Qg7 57. Ne7+ Kf7 58. Bd5# 1-0

[Event "16th EWICC 2015"]
[Site "Kutaisi"]
[Date "2015.06.03"]
[Round "10"]
[White "Nikoladze, Sopio"]
[Black "Choladze, Tea"]
[Result "1-0"]
[ECO "D05"]
[WhiteElo "2155"]
[BlackElo "1755"]
[Annotator "Robot 11"]
[PlyCount "81"]
[EventDate "2015.??.??"]
[EventCountry "GEO"]
[TimeControl "900+10"]

1. d4 d5 2. Nf3 Nf6 3. e3 e6 4. Bd3 Bd6 5. b3 O-O 6. Bb2 Nbd7 7. Nbd2 Re8 8. Ne5 c5 9. f4 a6 10. a4 b6 11. O-O Bb7 12. Qf3 c4 13. bxc4 dxc4 14. Bxh7+ Nxh7 15. Qxb7 Bxe5 16. fxe5 Rc8 17. c3 a5 18. Ba3 Rc7 19. Qf3 Nxe5 20. Qh5 Ng6 21. Qb5 e5 22. Nxc4 exd4 23. cxd4 Re6 24. Rac1 Nf6 25. Qg5 Qd7 26. Qb5 Qd8 27. Rb1 Nd5 28. Rb3 Rec6 29. Nd2 Nc3 30. Qh5 Nxa4 31. Nf3 Nc3 32. Ng5 Ne2+ 33. Kh1 Nf8 34. Nxf7 Rxf7 35. Qxf7+ Kh7 36. Qh5+ Rh6 37. Qxe2 Qc7 38. g4 Ne6 39. Qg2 Ng5 40. d5 a4 41. d6 1-0

[Event "16th EWICC 2015"]
[Site "Kutaisi"]
[Date "2015.06.03"]
[Round "10"]
[White "Sviridova, Vlada"]
[Black "Paehtz, Elisabeth"]
[Result "1/2-1/2"]
[ECO "A41"]
[WhiteElo "2087"]
[BlackElo "2473"]
[Annotator "Robot 11"]
[PlyCount "115"]
[EventDate "2015.??.??"]
[EventCountry "GEO"]
[TimeControl "900+10"]

1. d4 d6 2. Nf3 g6 3. c4 Bg7 4. Nc3 Bg4 5. e3 Nc6 6. Be2 e5 7. d5 Nce7 8. e4 Nf6 9. h3 Bd7 10. Be3 O-O 11. O-O Nh5 12. Qd2 b6 13. Nh2 Nf4 14. Bxf4 exf4 15. Qxf4 f5 16. exf5 Nxf5 17. Ng4 h5 18. Ne3 Bh6 19. Qe4 Re8 20.
Qd3 Bxe3 21. fxe3 Rxe3 22. Qd2 Qe7 23. Rf3 Re8 24. Rxe3 Nxe3 25. Bd3 Nf5 26. Ne4 Qe5 27. Qg5 Kg7 28. Qd2 Qd4+ 29. Nf2 Ne3 30.
Qc3 Qxc3 31. bxc3 Bf5 32. Re1 Kf7 33. Bxf5 gxf5 34. Nd3 Re4 35. Nb2 Kf6 36. Kf2 Nc2 37. Rxe4 fxe4 38. Nd1 Ke5 39. g3 b5 40.
cxb5 Na3 41. Ke3 Nxb5 42. g4 hxg4 43. hxg4 Na3 44. g5 Nc4+ 45. Ke2 Kf5 46. Ne3+ Nxe3 47. Kxe3 Kxg5 48. Kxe4 Kg4 49. c4 Kg5 50. Ke3 a6 51. a3 a5 52. a4 Kg4 53. Ke4 Kg5 54. Ke3 Kf5 55.
Kf3 Ke5 56. Ke3 Kf5 57. Kf3 Kg5 58. Kg3 1/2-1/2

[Event "16th EWICC 2015"]
[Site "Kutaisi"]
[Date "2015.06.03"]
[Round "10"]
[White "Dordzhieva, Dinara"]
[Black "Khmiadashvili, Tamar"]
[Result "1-0"]
[ECO "A04"]
[WhiteElo "2242"]
[BlackElo "2043"]
[Annotator "Robot 11"]
[PlyCount "97"]
[EventDate "2015.??.??"]
[EventCountry "GEO"]
[TimeControl "900+10"]

1. Nf3 f5 2. d3 Nf6 3. Nc3 d5 4. g3 e6 5. Bg2 Bb4 6. O-O O-O 7. a3 Be7 8. e4 d4 9. Ne2 Nc6 10. exf5 e5 11. c3 Bxf5 12. cxd4 Nxd4 13. Nexd4 exd4 14. Qb3+ Kh8 15. Ne5 Rb8 16. Nf7+ Rxf7 17. Qxf7 Bxd3 18. Re1 Ng8 19. Bf4 Bg6 20. Qe6 Bd6 21. Bxd6 cxd6 22. Be4 Be8 23. Rad1 Qb6 24. b4 Ba4 25. Rd2 Nf6 26. Qf5 Re8 27. Rde2 Bd7 28. Qf4 Bb5 29. Bd3 Rxe2 30. Rxe2 Bd7 31. Rd2 a5 32.
b5 Qc5 33. Bf1 Bxb5 34. Bxb5 Qxb5 35. Qxd4 d5 36. Rb2 Qc6 37. Kg2 h6 38. a4 Kh7 39. Rb5 Qc2 40. Rxb7 Kg6 41. Rb5 Qe2 42. Rxa5 h5 43. h4 Qc2 44. Rc5 Qa2 45. a5 Qe2 46. Rc6 Kh7 47. a6 Ne4 48. Rc7 Qg4 49.
Rxg7+ 1-0

[Event "16th EWICC 2015"]
[Site "Kutaisi"]
[Date "2015.06.03"]
[Round "10"]
[White "Ibrahimova, Sabina"]
[Black "Khurtsidze, Nino"]
[Result "0-1"]
[ECO "B43"]
[WhiteElo "2272"]
[BlackElo "2451"]
[Annotator "Robot 11"]
[PlyCount "93"]
[EventDate "2015.??.??"]
[EventCountry "GEO"]
[TimeControl "900+10"]

1. e4 c5 2. Nf3 e6 3. d4 cxd4 4. Nxd4 a6 5. Nc3 Qc7 6. g3 Bb4 7. Nde2 Nf6 8.
Bg2 O-O 9. O-O Be7 10. h3 Nc6 11. f4 d6 12. g4 b5 13. a3 Bb7 14. g5 Nd7 15.
Be3 b4 16. axb4 Nxb4 17. Ng3 Rfe8 18. h4 Rad8 19. h5 d5 20. exd5 exd5 21. Bd4 Bc5 22. Nf5 Bxd4+ 23. Nxd4 Nc5 24. Nce2 Ne4 25. Ra3 a5 26. Rh3 Ba6 27. c3 Nc6 28. Rff3 Qb6 29. Rd3 Bxd3 30. Rxd3 Nxd4 31. cxd4 Qxb2 32. h6 Nxg5 33. Rd2 Qa3 34. fxg5 Qe3+ 35. Kh2 Qxg5 36. hxg7 Qh4+ 37. Kg1 Rd6 38. Rd3 Rde6 39. Rh3 Qg4 40. Qb1 Rg6 41. Ng3 Qxd4+ 42. Kh2 Qe5 43. Qb5 d4 44. Qd3 Qf4 45. Be4 Qf2+ 46. Kh1 Rc8 47. Qa3 0-1

[Event "16th EWICC 2015"]
[Site "Kutaisi"]
[Date "2015.06.03"]
[Round "10"]
[White "Jalaghonia, Nino"]
[Black "Zaksaite, Salomeja"]
[Result "0-1"]
[ECO "A16"]
[WhiteElo "1865"]
[BlackElo "2203"]
[Annotator "Robot 11"]
[PlyCount "134"]
[EventDate "2015.??.??"]
[EventCountry "GEO"]
[TimeControl "900+10"]

1. c4 Nf6 2. Nc3 d5 3. cxd5 Nxd5 4. g3 g6 5. Bg2 Nb6 6. d4 Bg7 7. Nf3 Nc6 8.
e3 O-O 9. O-O Re8 10. Bd2 e5 11. dxe5 Nxe5 12. Nxe5 Bxe5 13. b3 c6 14. Rc1 Bg4 15. f3 Bf5 16. e4 Qd4+ 17. Kh1 Be6 18. f4 Rad8 19. Rc2 Bg7 20.
Qc1 Qd7 21. Bf3 Bg4 22. Bxg4 Qxg4 23. e5 Nd5 24. Nxd5 Rxd5 25.
Bc3 Red8 26. Rcf2 Rd3 27. Qb2 h5 28. Be1 Bf8 29. Qe2 Qe6 30.
f5 Qd5+ 31. Rg2 Bc5 32. e6 fxe6 33. fxg6 Re3 34. Qc2 Qe4 35.
Qxe4 Rxe4 36. Bf2 Bxf2 37. Rgxf2 Kg7 38. Rf7+ Kxg6 39. h4 Re1 40. R7f6+ Kg7 41. Rf7+ Kg8 42. Rxe1 Kxf7 43. Re5 Rd5 44. Re2 e5 45. Kg2 Ke6 46. Kf2 a5 47. Ke3 Rd4 48. Rf2 Rg4 49.
Rg2 a4 50. Kf3 axb3 51. axb3 Rb4 52. Rb2 c5 53. Kf2 c4 54. g4 hxg4 55. h5 Rxb3 56. Rc2 b5 57. h6 Kf6 58. Rd2 Kg6 59. Rd6+ Kh7 60. Re6 g3+ 61. Kg2 b4 62. Kh3 c3 63. Rc6 Rb2 64. Kxg3 Rd2 65. Kf3 c2 66.
Ke3 Rh2 67. Kd3 b3 0-1

[Event "16th EWICC 2015"]
[Site "Kutaisi"]
[Date "2015.06.03"]
[Round "10"]
[White "Khomeriki, Ketevan"]
[Black "Giorgadze, Elene"]
[Result "1-0"]
[ECO "C23"]
[WhiteElo "1861"]
[BlackElo "1185"]
[Annotator "Robot 11"]
[PlyCount "69"]
[EventDate "2015.??.??"]
[EventCountry "GEO"]
[TimeControl "900+10"]

1. e4 e5 2. Bc4 Bc5 3. Qh5 Qe7 4. Nf3 d6 5. d4 Bxd4 6. Ng5 Nh6 7.
c3 Bb6 8. a4 a6 9. a5 Ba7 10. h3 Qf6 11. O-O O-O 12. Nd2 Nc6 13. Ndf3 Ne7 14.
Nh4 Be6 15. Nxh7 Kxh7 16.
Bg5 Qxg5 17. Qxg5 f6 18. Qg3 Bxc4 19. Rfe1 f5 20. Nf3 Rf6 21. b3 Bxb3 22. Rab1 Bc4 23. Rxb7 fxe4 24. Rxc7 Bb5 25. Rxe7 Rg6 26.
Ng5+ Kg8 27. c4 Rf8 28. Rxa7 Bxc4 29. Rc1 d5 30. Qxe5 Rf5 31.
Qe8+ Rf8 32. Qxg6 Rf7 33. Nxf7 Nxf7 34. Rxf7 d4 35. Qxg7# 1-0

[Event "16th EWICC 2015"]
[Site "Kutaisi"]
[Date "2015.06.03"]
[Round "10"]
[White "Kosteniuk, Alexandra"]
[Black "Gaponenko, Inna"]
[Result "1-0"]
[ECO "B52"]
[WhiteElo "2530"]
[BlackElo "2391"]
[Annotator "Robot 11"]
[PlyCount "83"]
[EventDate "2015.??.??"]
[EventCountry "GEO"]
[TimeControl "900+10"]

1. e4 c5 2. Nf3 d6 3. Bb5+ Bd7 4. Bxd7+ Qxd7 5. d4 cxd4 6. Qxd4 Nc6 7. Qd3 g6 8. O-O Bg7 9. c4 Nf6 10. h3 O-O 11. Nc3 Rfc8 12. Rb1 a6 13.
b3 Rab8 14. a4 Qd8 15. Rd1 Nd7 16. Nd5 Nc5 17. Qe2 e6 18. Nf4 b5 19. Ba3 Qe7 20. axb5 axb5 21. cxb5 Na7 22. b6 Rxb6 23. e5 Nb5 24. exd6 Qd7 25. Bb2 Bxb2 26. Qxb2 Rxd6 27. Rdc1 Nd3 28. Nxd3 Rxd3 29. Ne5 Rxc1+ 30.
Qxc1 Qd8 31. Nxd3 Qxd3 32. Qf1 Qd5 33. Qc4 Qf5 34. Rd1 Kg7 35.
b4 Qe5 36. Kf1 Kh6 37. Qc5 Qb8 38. Rd7 Kg7 39. g3 Na3 40. Qc3+ e5 41. Qxa3 Qb5+ 42. Qd3 1-0

[Event "16th EWICC 2015"]
[Site "Kutaisi"]
[Date "2015.06.03"]
[Round "10"]
[White "Mikadze, Miranda"]
[Black "Tereladze, Sopiko"]
[Result "0-1"]
[ECO "A40"]
[WhiteElo "2233"]
[BlackElo "2128"]
[Annotator "Robot 11"]
[PlyCount "98"]
[EventDate "2015.??.??"]
[EventCountry "GEO"]
[TimeControl "900+10"]

1. d4 e6 2. Nf3 f5 3. Nc3 d5 4. g4 Nc6 5. Bf4 Bd6 6. Bg5 Be7 7. Bxe7 Ngxe7 8.
h3 Qd6 9. Qd2 a6 10. gxf5 exf5 11. Rg1 g6 12. Ng5 h6 13. Nf3 Be6 14. h4 O-O-O 15. O-O-O Kb8 16. Bh3 Bf7 17. e3 Qf6 18. Bf1 Be6 19. Ne2 Bc8 20. Nf4 Rhg8 21. Kb1 g5 22. hxg5 hxg5 23. Nd3 g4 24. Nfe5 Nxe5 25. Nxe5 Ng6 26. Nxg6 Rxg6 27. c4 dxc4 28. Bxc4 Rh6 29. Rh1 Rdh8 30. Bd5 f4 31. Rxh6 Rxh6 32. e4 Qg6 33. Qxf4 Rh3 34. Rc1 Qb6 35. e5 Rd3 36. Rc5 Ka7 37.
Kc2 Qg6 38. Kc1 c6 39. Bf7 Qh7 40. Bd5 cxd5 41. b3 Bf5 42. Kb2 Rf3 43. Qd2 Qh2 44. Rc2 Bxc2 45. Qb4 Qh8 46. Qc5+ Ka8 47. Kxc2 Rxf2+ 48. Kc3 Rf3+ 49. Kb4 Qf8 0-1

[Event "16th EWICC 2015"]
[Site "Kutaisi"]
[Date "2015.06.03"]
[Round "10"]
[White "Schleining, Zoya"]
[Black "Gaprindashvili, Nona"]
[Result "1-0"]
[ECO "A44"]
[WhiteElo "2375"]
[BlackElo "2302"]
[Annotator "Robot 11"]
[PlyCount "59"]
[EventDate "2015.??.??"]
[EventCountry "GEO"]
[TimeControl "900+10"]

1. d4 c5 2. d5 e5 3. e4 d6 4. Bb5+ Nd7 5. a4 g6 6. Nf3 Bg7 7. Nc3 Nh6 8. h4 f6 9. h5 g5 10. Ne2 a6 11. Bd3 O-O 12. Ng3 Nb6 13. Nd2 a5 14. Qe2 Qe7 15.
b3 Kh8 16. Bb2 f5 17. exf5 Nxd5 18. O-O-O Nf4 19. Qf1 d5 20. f3 b6 21. c4 Nxf5 22. Bxf5 Rxf5 23. h6 Bf6 24. cxd5 Nxd5 25. Qd3 Nb4 26. Qe4 Bb7 27. Qxf5 Rf8 28. Nc4 Bc8 29. Qe4 Be6 30. Nh5 1-0

[Event "16th EWICC 2015"]
[Site "Kutaisi"]
[Date "2015.06.03"]
[Round "10"]
[White "Vakhania, Alexandra"]
[Black "Tedoshvili, Ana"]
[Result "1-0"]
[ECO "D03"]
[WhiteElo "2130"]
[BlackElo "1805"]
[Annotator "Robot 11"]
[PlyCount "65"]
[EventDate "2015.??.??"]
[EventCountry "GEO"]
[TimeControl "900+10"]

1. Nf3 Nf6 2. d4 d5 3. Bg5 e6 4. e3 Be7 5. Bd3 b6 6. Qe2 Bb7 7. Nbd2 c5 8.
c3 O-O 9. Ne5 Nbd7 10. f4 Ne4 11. Bxe7 Qxe7 12. O-O-O a5 13. Bb5 Ndf6 14. Ndf3 c4 15. g4 a4 16. g5 Nh5 17. Nd2 Nxc3 18. bxc3 Qa3+ 19. Kb1 Qxc3 20. Nf1 a3 21. Qd2 Qxd2 22. Rxd2 Ra5 23. Bc6 Bxc6 24. Nxc6 Rb5+ 25. Kc1 Ra8 26. Ng3 Nxg3 27. hxg3 c3 28. Rdh2 h6 29.
gxh6 g6 30. h7+ Kh8 31. Ne5 Ra7 32. Rh6 Rb2 33. Rxg6 1-0

[Event "16th EWICC 2015"]
[Site "Kutaisi"]
[Date "2015.06.03"]
[Round "10"]
[White "Zhukova, Natalia"]
[Black "Gvetadze, Sofio"]
[Result "1-0"]
[ECO "D15"]
[WhiteElo "2456"]
[BlackElo "2319"]
[Annotator "Robot 11"]
[PlyCount "69"]
[EventDate "2015.??.??"]
[EventCountry "GEO"]
[TimeControl "900+10"]

1. c4 c6 2. d4 d5 3. Nf3 Nf6 4. Nc3 a6 5. g3 dxc4 6. Ne5 b5 7. Bg2 Bb7 8. O-O e6 9. b3 cxb3 10. axb3 Be7 11. Bb2 O-O 12. Qc2 Qb6 13. Ne4 Rd8 14. Ng5 Rf8 15. d5 h6 16. dxc6 hxg5 17. cxb7 Ra7 18. Rfd1 Rxb7 19. Bxb7 Qxb7 20. Rac1 Nd5 21. Nd3 Bd8 22. Nc5 Qa7 23. Qe4 Nf6 24. Qe5 Nc6 25. Qxg5 e5 26. Qf5 Bb6 27. Nd7 Nd4 28. Nxf6+ gxf6 29. Bxd4 Bxd4 30. Qxf6 Re8 31. e3 Bb6 32. Qf5 Qe7 33. Rc6 Bd8 34. Rd7 Qf8 35. Rg6+ 1-0

[Event "16th EWICC 2015"]
[Site "Kutaisi"]
[Date "2015.06.03"]
[Round "10"]
[White "Mammadova, Narmin"]
[Black "Khomeriki, Nino"]
[Result "0-1"]
[ECO "C47"]
[WhiteElo "2117"]
[BlackElo "2228"]
[Annotator "Robot 11"]
[PlyCount "60"]
[EventDate "2015.??.??"]
[EventCountry "GEO"]
[TimeControl "900+10"]

1. e4 e5 2. Nf3 Nc6 3. Nc3 Nf6 4. h3 Bb4 5.
Bd3 a6 6. O-O d6 7. a3 Bc5 8. b4 Ba7 9. Bb2 h6 10. b5 axb5 11. Bxb5 O-O 12. Re1 Ne7 13. d4 c6 14. Bf1 Ng6 15. Qd2 Re8 16. Rad1 Qc7 17.
dxe5 dxe5 18. Nb1 Be6 19. g3 Rad8 20. Qe2 Nh5 21. Kh2 Qb6 22.
Rxd8 Rxd8 23. Bxe5 Nxe5 24. Nxe5 Qxf2+ 25. Qxf2 Bxf2 26. Re2 Bxg3+ 27. Kg2 Bxe5 28. Rf2 Nf4+ 29. Kh1 Rd1 30. Nd2 Bxh3 0-1

[Event "16th EWICC 2015"]
[Site "Kutaisi"]
[Date "2015.06.03"]
[Round "10"]
[White "Kostava, Elene"]
[Black "Gognadze, Tsira"]
[Result "1-0"]
[ECO "E21"]
[WhiteElo "1691"]
[BlackElo "1144"]
[Annotator "Robot 11"]
[PlyCount "81"]
[EventDate "2015.??.??"]
[EventCountry "GEO"]
[TimeControl "900+10"]

1. d4 Nf6 2. Nf3 b6 3. c4 e6 4. Nc3 Bb7 5. Bg5 Be7 6. e3 O-O 7. Bd3 h6 8.
Bh4 d6 9. O-O Nbd7 10. Qe2 c5 11. Rac1 Qc7 12. Rfd1 Rfd8 13. Bb1 Rac8 14. Nb5 Qb8 15. dxc5 Bxf3 16. gxf3 dxc5 17. Bg3 Qb7 18. Bd6 Kf8 19. Bxe7+ Kxe7 20. Nd6 Qc6 21. Nxc8+ Rxc8 22. Rd2 Ne5 23. e4 Ned7 24. e5 Nh5 25. Rcd1 Rc7 26. b3 Qb7 27. Qe3 Qb8 28. f4 g6 29. Rd6 Qc8 30.
Be4 f5 31. exf6+ Nhxf6 32. Bxg6 Nf8 33. Bf5 Kf7 34. Bc2 Qe8 35. Qh3 Kg7 36. Qg3+ Kf7 37. Qh3 Kg7 38. Kh1 h5 39. Rg1+ Kh6 40.
Qh4 Ng6 41. Rxg6+ 1-0

[Event "16th EWICC 2015"]
[Site "Kutaisi"]
[Date "2015.06.03"]
[Round "10"]
[White "Melashvili, Nino"]
[Black "Donghvani, Nia"]
[Result "1/2-1/2"]
[ECO "A04"]
[WhiteElo "2173"]
[BlackElo "1444"]
[Annotator "Robot 11"]
[PlyCount "29"]
[EventDate "2015.??.??"]
[EventCountry "GEO"]
[TimeControl "900+10"]

1. Nf3 Nc6 2. d4 d5 3. Bf4 Nf6 4. e3 Bg4 5. Be2 e6 6. O-O Bd6 7. Ne5 Bxe2 8.
Qxe2 O-O 9. Nd2 Bxe5 10. dxe5 Nd7 11. Nf3 Nb6 12. Rad1 Qe7 13. e4 dxe4 14. Qxe4 h6 15. c4 1/2-1/2

[Event "16th EWICC 2015"]
[Site "Kutaisi"]
[Date "2015.06.03"]
[Round "11"]
[White "Donghvani, Nia"]
[Black "Gevorgyan, Maria"]
[Result "0-1"]
[ECO "C42"]
[WhiteElo "1444"]
[BlackElo "2190"]
[Annotator "Robot 11"]
[PlyCount "52"]
[EventDate "2015.??.??"]
[EventCountry "GEO"]
[TimeControl "900+10"]

1. e4 e5 2. Nf3 Nf6 3. Nxe5 d6 4. Nf3 Nxe4 5. d4 d5 6. Bd3 Nc6 7. O-O Bg4 8.
c3 f5 9. h3 Bh5 10. Re1 Be7 11. Nbd2 O-O 12. Qc2 Bd6 13. b3 Rf6 14. Nxe4 fxe4 15. Bg5 exd3 16. Bxf6 dxc2 17. Bxd8 Rxd8 18. Rac1 Bg6 19. Ne5 Nxe5 20.
dxe5 Ba3 21. Ra1 Bb2 22. f4 Bxc3 23. e6 Bxa1 24. Rxa1 d4 25. g4 d3 26. f5 d2 0-1

[Event "16th EWICC 2015"]
[Site "Kutaisi"]
[Date "2015.06.03"]
[Round "11"]
[White "Dordzhieva, Dinara"]
[Black "Schleining, Zoya"]
[Result "0-1"]
[ECO "A09"]
[WhiteElo "2242"]
[BlackElo "2375"]
[Annotator "Robot 11"]
[PlyCount "68"]
[EventDate "2015.??.??"]
[EventCountry "GEO"]
[TimeControl "900+10"]

1. Nf3 d5 2. c4 d4 3. b4 c5 4. e3 dxe3 5. fxe3 cxb4 6. d4 Nf6 7. Bd3 e6 8. O-O Nc6 9. Bb2 Be7 10. Nbd2 O-O 11. Qe2 Qc7 12. e4 e5 13. d5 Bc5+ 14. Kh1 Nd4 15. Nxd4 Bxd4 16. Bxd4 exd4 17. e5 Bg4 18. Qe1 Rae8 19. Qh4 Rxe5 20. d6 Qd7 21. Rxf6 Rh5 22. Qg3 gxf6 23. Ne4 Qe6 24. Qxg4+ Qxg4 25. Nxf6+ Kg7 26. Nxg4 Rd8 27. a3 Ra5 28. a4 Rxd6 29. h3 b3 30.
Nf2 Rb6 31. Nd1 b2 32. Rb1 Rxa4 33. Rxb2 Rxb2 34. Nxb2 Ra2 0-1

[Event "16th EWICC 2015"]
[Site "Kutaisi"]
[Date "2015.06.03"]
[Round "11"]
[White "Esadze, Tamar"]
[Black "Mikadze, Miranda"]
[Result "0-1"]
[ECO "B17"]
[WhiteElo "1697"]
[BlackElo "2233"]
[Annotator "Robot 11"]
[PlyCount "114"]
[EventDate "2015.??.??"]
[EventCountry "GEO"]
[TimeControl "900+10"]

1. e4 c6 2. d4 d5 3. Nc3 dxe4 4. Nxe4 Nd7 5. Nf3 Ngf6 6. Ng3 b6 7. Bd3 Bb7 8. O-O e6 9. Bf4 Nd5 10. Bd2 Qc7 11. c4 Nf4 12.
Bxf4 Qxf4 13. Re1 Be7 14. Qc2 g6 15. Re4 Qc7 16. Rae1 Bf6 17.
R4e2 O-O 18. Ne4 Bg7 19. b3 c5 20. dxc5 Nxc5 21. Nxc5 Qxc5 22. Ne5 Rad8 23. Be4 Bc8 24. Nc6 Rd7 25. b4 Qg5 26. Rd1 Rxd1+ 27. Qxd1 a5 28. a3 axb4 29. axb4 Bb7 30. Rd2 Bc3 31. Rd7 Bxc6 32. Bxc6 Bxb4 33. h3 Bc5 34. Bb5 Qf4 35. Qd2 Qe5 36. Rd8 Rxd8 37. Qxd8+ Kg7 38. Qd2 h5 39. Bc6 Bd6 40. Kf1 Qc5 41. Bb5 Be5 42. Ke2 Bd4 43. Kf1 Qe5 44. Bc6 Qc5 45. Bb5 e5 46. f3 Qa3 47. Ke2 Qa1 48. f4 Qg1 49.
Kd3 Qf1+ 50. Ke4 Bf2 51. Kxe5 Qxg2 52. Qd6 Qxh3 53. Qf6+ Kg8 54. Qd8+ Kh7 55. Bd7 Qe3+ 56. Kd5 Qxf4 57. Qxb6 Bxb6 0-1

[Event "16th EWICC 2015"]
[Site "Kutaisi"]
[Date "2015.06.03"]
[Round "11"]
[White "Gognadze, Tsira"]
[Black "Jalaghonia, Nino"]
[Result "0-1"]
[ECO "B27"]
[WhiteElo "1144"]
[BlackElo "1865"]
[Annotator "Robot 11"]
[PlyCount "66"]
[EventDate "2015.??.??"]
[EventCountry "GEO"]
[TimeControl "900+10"]

1. e4 c5 2. Nf3 g6 3. d4 cxd4 4. Nxd4 Bg7 5. Be3 Nc6 6. Nc3 Nf6 7. f3 O-O 8. Qd2 d5 9. Nxd5 Nxd5 10. exd5 Qxd5 11. Nxc6 Qxc6 12. O-O-O Be6 13. Kb1 a5 14. Bh6 a4 15. Bxg7 Kxg7 16. Qd4+ f6 17. Qb4 a3 18. b3 Rf7 19. Rd4 Bf5 20.
Bc4 e5 21. Rd6 Qc7 22. g4 b5 23. gxf5 bxc4 24. fxg6 hxg6 25. Rhd1 cxb3 26. axb3 a2+ 27. Ka1 Qxc2 28. Qc4 Qxh2 29. b4 Qg3 30. b5 Qxf3 31. b6 Qb7 32. Qb5 Qa6 33. Qc5 Qa5 0-1

[Event "16th EWICC 2015"]
[Site "Kutaisi"]
[Date "2015.06.03"]
[Round "11"]
[White "Khurtsidze, Nino"]
[Black "Choladze, Mariam"]
[Result "1-0"]
[ECO "A46"]
[WhiteElo "2451"]
[BlackElo "1989"]
[Annotator "Robot 11"]
[PlyCount "71"]
[EventDate "2015.??.??"]
[EventCountry "GEO"]
[TimeControl "900+10"]

1. Nf3 Nf6 2. d4 e6 3. e3 b6 4. Bd3 Bb7 5. O-O d5 6. c4 Bd6 7. Nc3 O-O 8.
b3 c5 9. Bb2 Nbd7 10. cxd5 exd5 11. Rc1 Re8 12. Qc2 Rc8 13. Rfd1 Qe7 14. Qe2 Ne4 15. Ba6 Ndf6 16. Bxb7 Qxb7 17. dxc5 bxc5 18. Nxe4 Nxe4 19. Nd2 Qb8 20. g3 Be5 21. Nxe4 dxe4 22. Ba3 Bd6 23. Rd5 Red8 24. Qc4 g6 25. Qxe4 Bf8 26. Rxd8 Rxd8 27. Bxc5 Rc8 28. b4 a5 29. a3 Bxc5 30. bxc5 Qb2 31. Qc4 Qxa3 32. c6 Qd6 33. c7 Qe6 34. Qb5 Ra8 35. Qb8+ Qc8 36. Qxa8 1-0

[Event "16th EWICC 2015"]
[Site "Kutaisi"]
[Date "2015.06.03"]
[Round "11"]
[White "Kosteniuk, Alexandra"]
[Black "Batsiashvili, Nino"]
[Result "0-1"]
[ECO "C47"]
[WhiteElo "2530"]
[BlackElo "2473"]
[Annotator "Robot 11"]
[PlyCount "124"]
[EventDate "2015.??.??"]
[EventCountry "GEO"]
[TimeControl "900+10"]

1. e4 e5 2. Nf3 Nc6 3. Nc3 Nf6 4. Be2 Be7 5. O-O O-O 6. Re1 d6 7. h3 a6 8. d4 exd4 9. Nxd4 Nxd4 10. Qxd4 c5 11. Qd3 b5 12. Bf3 Ra7 13.
Bg5 b4 14. Nd1 Nd7 15. Bxe7 Qxe7 16. Bg4 Ne5 17. Qg3 Nxg4 18. hxg4 Qe5 19. Qxe5 dxe5 20. Ne3 Be6 21. Red1 Rc8 22. a3 a5 23. Rd6 Kf8 24. axb4 cxb4 25. Rb6 Rca8 26. Rb5 f6 27. g5 Bd7 28. Rb6 Ra6 29. Rxa6 Rxa6 30. gxf6 gxf6 31. Nd5 Bc8 32. f3 Bb7 33. Kf2 Bxd5 34. exd5 Ke7 35. b3 Kd6 36. Rd1 Ra7 37. Ke3 Rc7 38. Rd2 f5 39. Re2 Rc3+ 40. Kd2 Kxd5 41. Re1 e4 42. fxe4+ fxe4 43. Rh1 Rg3 44. Rxh7 Rxg2+ 45. Ke3 Rg3+ 46. Kd2 Rc3 47. Rh5+ Kd4 48. Rxa5 Rh3 49. Ra8 e3+ 50. Ke2 Rh2+ 51. Ke1 Rxc2 52. Re8 Kd3 53. Rd8+ Kc3 54. Re8 Kxb3 55. Rxe3+ Kb2 56. Kd1 b3 57. Rd3 Rc6 58. Kd2 Ka2 59. Rd8 Ra6 60. Kc3 b2 61. Rd2 Rc6+ 62. Kb4 Ka1 0-1

[Event "16th EWICC 2015"]
[Site "Kutaisi"]
[Date "2015.06.03"]
[Round "11"]
[White "Tereladze, Sopiko"]
[Black "Ibrahimova, Sabina"]
[Result "1-0"]
[ECO "A04"]
[WhiteElo "2128"]
[BlackElo "2272"]
[Annotator "Robot 11"]
[PlyCount "95"]
[EventDate "2015.??.??"]
[EventCountry "GEO"]
[TimeControl "900+10"]

1. Nf3 c5 2. e3 g6 3. d4 cxd4 4. exd4 Bg7 5. Be2 Nf6 6. O-O O-O 7. h3 d5 8. c3 Nc6 9. Re1 a6 10. Nbd2 Qc7 11. Bd3 Nh5 12. Nf1 Qd6 13. Be3 Nf4 14. Bc2 f6 15. Bb3 g5 16. Bxf4 gxf4 17. Qd3 Bh6 18. N1h2 Rf7 19. Ng4 Bf8 20. Bc2 Bxg4 21. hxg4 e5 22. dxe5 fxe5 23. Rad1 e4 24. Qxd5 Qxd5 25. Rxd5 exf3 26. gxf3 Re7 27. Red1 Rae8 28. Rf5 Bh6 29. Rd6 Bg7 30. Rh5 Be5 31. Rdh6 Rg7 32. Bxh7+ Kf8 33. Be4 Rd7 34. Kg2 Rc7 35. Rf5+ Ke7 36. Bxc6 Bg7 37. Rh7 Rxc6 38. Rxg7+ Kd6 39. Rg6+ Kc7 40. Rxc6+ bxc6 41. Rxf4 Re2 42. g5 Rxb2 43. g6 Rb8 44. Rf7+ Kd6 45. f4 Ke6 46. f5+ Ke5 47. g7 Rg8 48. f6 1-0

[Event "16th EWICC 2015"]
[Site "Kutaisi"]
[Date "2015.06.03"]
[Round "11"]
[White "Zaksaite, Salomeja"]
[Black "Mammadova, Narmin"]
[Result "1-0"]
[ECO "B12"]
[WhiteElo "2203"]
[BlackElo "2117"]
[Annotator "Robot 11"]
[PlyCount "107"]
[EventDate "2015.??.??"]
[EventCountry "GEO"]
[TimeControl "900+10"]

1. e4 c6 2. d4 d5 3. e5 Bf5 4. Nf3 e6 5. Be2 h6 6. O-O Nd7 7. Be3 Ne7 8. b3 Bh7 9. c4 Nf5 10. Nc3 Be7 11. Bc1 O-O 12. Bb2 Rc8 13. Re1 Nh4 14. Nxh4 Bxh4 15. g3 Be7 16. c5 f6 17. exf6 Rxf6 18. Bg4 Nf8 19. Qe2 Qd7 20. Bc1 Bd8 21. Bd2 Bc7 22. b4 Re8 23. f4 Kh8 24. a4 b6 25. Nd1 bxc5 26. bxc5 Rb8 27. Qe3 Qf7 28. Ra2 Qg6 29. Nf2 h5 30. Be2 Bxf4 31. Qc3 Bxd2 32. Rxd2 Qf5 33. Qe3 Rb3 34. Rd3 Rb2 35. Rf1 Qg6 36. Rdd1 Qc2 37.
Bxh5 Be4 38. Rc1 Qd2 39. Qxd2 Rxd2 40. Nxe4 dxe4 41. Be8 Rxd4 42.
Bxc6 Nd7 43. Bxd7 Rxd7 44. c6 Rxf1+ 45. Kxf1 Rc7 46. Ke2 Kg8 47. Ke3 Kf7 48. Kxe4 Kf6 49. Kd4 g6 50. Kc5 Ke7 51. Rb1 e5 52.
Rb7 Kd8 53. Kd6 Rc8 54. Rh7 1-0

[Event "16th EWICC 2015"]
[Site "Kutaisi"]
[Date "2015.06.03"]
[Round "11"]
[White "Arabidze, Meri"]
[Black "Mammadzada, Gunay"]
[Result "1-0"]
[ECO "D10"]
[WhiteElo "2403"]
[BlackElo "2336"]
[Annotator "Robot 11"]
[PlyCount "71"]
[EventDate "2015.??.??"]
[EventCountry "GEO"]
[TimeControl "900+10"]

1. d4 d5 2. c4 c6 3. cxd5 cxd5 4. Nc3 Nf6 5. Nf3 Nc6 6. Bf4 a6 7. Rc1 Bf5 8. e3 Rc8 9. Be2 e6 10. O-O Nd7 11. Na4 Be7 12. a3 g5 13.
Be5 Ndxe5 14. dxe5 O-O 15. Nd4 Nxd4 16. Qxd4 Bc2 17. Nc3 Bg6 18. Na4 Bc2 19. Bd3 Bxd3 20. Qxd3 Rc4 21. Nc3 Qc7 22. f4 Rc8 23.
Rb1 Rd8 24. Ne2 Bf8 25. Kh1 Rc8 26. Ng3 Bg7 27. Nh5 Re4 28. Qd1 Qc2 29. Qg4 Rxe3 30. f5 h6 31. fxe6 Rf8 32. exf7+ Rxf7 33. Qe6 Qc7 34. Qe8+ Bf8 35. Nf6+ Kg7 36. Nxd5 1-0